 Dungeon Crawl Stone Soup version 0.16-a0-3933-g06ce5c0 (webtiles) character file.

20847 ketsa the Reanimator (level 12, -4/91 HPs)
             Began as a Demonspawn Necromancer on Feb 5, 2015.
             Was a Follower of Ashenzari.
             Killed by an exploding giant spore (23 damage)
             ... on level 12 of the Dungeon.
             The game lasted 02:26:23 (24163 turns).

ketsa the Reanimator (Demonspawn Necromancer)      Turns: 24163, Time: 02:26:23

Health: -4/91      AC: 12    Str: 11    XL:     12   Next: 49%
Magic:  33/36      EV: 17    Int: 17    God:    Ashenzari [*.....]
Gold:   1025       SH:  0    Dex: 14    Spells: 6 memorised, 10 levels left

rFire  . . .     SeeInvis .     P - +3 dagger (freeze) (curse)
rCold  + + .     Clarity  .     C - +2 robe {rN+}
rNeg   + + .     SustAb   .     (no shield)
rPois  .         Gourm    .     (helmet restricted)
rElec  .         Spirit   .     (no cloak)
rCorr  .         Warding  +     J - +0 pair of gloves
rMut   .         Stasis   .     (no boots)
MR     .....                    f - amulet of warding
Stlth  +.........               X - ring of magical power (curse)
                                K - ring of protection from cold

@: confused, not resistant to hostile enchantments, very unstealthy
A: horns 1, rough black scales 2, cold resistance 1, spiny 1
a: Renounce Religion


You were on level 12 of the Dungeon.
You worshipped Ashenzari.
Ashenzari was aware of your devotion.
You were very hungry.

You visited 4 branches of the dungeon, and saw 20 of its levels.
You also visited: Ossuary.

You collected 1025 gold pieces.

Inventory:

Hand weapons
 d - a cursed +3 falchion of freezing
 k - a +1 dagger of venom
 t - a +2 dagger of chaos
 u - a +1 long sword of freezing
 O - a +0 blowgun
 P - a cursed +3 dagger of freezing (weapon)
 V - a +4 dagger
Missiles
 q - 33 poisoned needles
 Q - 3 javelins (quivered)
Armour
 C - a +2 robe of positive energy (worn)
 J - a +0 pair of gloves (worn)
 W - a +0 robe
Jewellery
 f - an amulet of warding (around neck)
 y - an uncursed ring of sustain abilities
 K - a ring of protection from cold (left hand)
 X - a cursed ring of magical power (right hand)
Magical devices
 a - a wand of confusion (30)
 e - a wand of fireball (0)
 i - a wand of flame (19)
 n - a wand of hasting (6)
 v - a wand of cold (4)
 B - a wand of lightning (0)
 G - a wand of polymorph (10)
 H - a wand of cold (12)
 M - a wand of frost (39)
 R - a wand of teleportation (3)
 Z - a wand of disintegration (13)
Scrolls
 j - 2 scrolls of fear
 m - 14 scrolls of teleportation
 o - 2 scrolls of enchant armour
 p - 2 scrolls of enchant weapon
 x - 2 scrolls of recharging
 z - 6 scrolls of remove curse
 L - 3 scrolls of fog
Potions
 g - a potion of lignification
 l - 2 potions of brilliance
 s - 2 potions of haste
 A - 2 potions of agility
 E - 3 potions of restore abilities {unknown}
 F - 3 potions of flight
 I - 2 potions of degeneration {unknown}
Books
 b - a book of Necromancy

   Spells                             Type                      Level
   a - Pain                           Necromancy                   1
   b - Animate Skeleton               Necromancy                   1
   c - Vampiric Draining              Necromancy                   3
   d - Regeneration                   Charms/Necromancy            3
   e - Animate Dead                   Necromancy                   4
   f - Control Undead                 Necromancy                   4
 N - a book of Flames

   Spells                             Type                      Level
   a - Flame Tongue                   Conjuration/Fire             1
   b - Throw Flame                    Conjuration/Fire             2
   c - Conjure Flame                  Conjuration/Fire             3
   d - Inner Flame                    Hexes/Fire                   3
   e - Sticky Flame                   Conjuration/Fire             4
   f - Fireball                       Conjuration/Fire             5
 S - a Necronomicon

   Spells                             Type                      Level
   a - Haunt                          Necromancy/Summoning         7
   b - Borgnjor's Revivification      Necromancy                   8
   c - Death's Door                   Charms/Necromancy            8
   d - Necromutation                  Transmutation/Necromancy     8
 U - a book of the Warp

   Spells                             Type                      Level
   a - Recall                         Summoning/Translocation      3
   b - Control Teleport               Charms/Translocation         4
   c - Force Lance                    Conjuration/Translocation    4
   d - Phase Shift                    Translocation                5
   e - Warp Weapon                    Charms/Translocation         5
   f - Summon Forest                  Summoning/Translocation      5
   g - Gell's Gravitas                Hexes/Translocation          6
Miscellaneous
 r - a phial of floods
 w - a lantern of shadows
Comestibles
 c - 8 bread rations
 h - 4 meat rations
 D - 5 fruits


   Skills:
 + Level 7.1 Fighting
 + Level 9.1 Short Blades
 + Level 9.4 Dodging
 - Level 1.7 Stealth
 - Level 7.7 Spellcasting
 - Level 2.7 Charms
 - Level 10.7 Necromancy
 - Level 6.7 Evocations


You had 10 spell levels left.
You knew the following spells:

 Your Spells              Type           Power        Failure   Level  Hunger
a - Pain                  Necr           ####         1%          1    None
b - Animate Skeleton      Necr           N/A          1%          1    None
c - Vampiric Draining     Necr           #####.....   1%          3    #......
d - Regeneration          Chrm/Necr      ####......   1%          3    #......
e - Control Undead        Necr           #####.....   1%          4    ###....
f - Animate Dead          Necr           N/A          1%          4    ###....


Dungeon Overview and Level Annotations

Branches:
Dungeon (14/15)            Temple (1/1) D:7            Lair (1/8) D:11
    Orc (4/4) D:12
    Elf: Orc:3-4     Vaults: D:13-14

Altars:
Ashenzari
Cheibriados
Dithmenos
Elyvilon
Fedhas
Gozag
Kikubaaqudgha
Makhleb
Nemelex Xobeh
Okawaru
Qazlal
Ru
Sif Muna
Trog
Vehumet
Xom
Yredelemnul
Zin
The Shining One

Shops:
D:6 [

Annotations:
D:4 exclusion: 2 downstairs
D:7 exclusion: skeleton
D:9 exclusion: oklob sapling
D:10 exclusion: 2 downstairs
D:11 exclusion: orange crystal statue
D:13 Absynth's ghost, powerful DrCj


Innate Abilities, Weirdness & Mutations

You have a pair of small horns on your head.
You are mostly covered in rough black scales (AC +7, Dex -2).
Your flesh is cold resistant.
You are partially covered in sharp spines.


Message History

You feel sick.
Your magical contamination has completely faded away.
You close the door.
You feel sick.
You feel sick.
There is an open door here.
You feel sick.
You feel sick.
You feel sick.
There is a stone staircase leading down here.
You feel sick.
You feel sick.
You feel sick.
You are no longer poisoned.
A giant spore comes into view.
The giant spore moves out of view.
The giant spore waves its rhizomes.
The giant spore explodes!
The explosion of spores engulfs you!
You are confused.
You die...

###.# #.### #Z## #...## # #..#
###..# # ##.####### ##.#
#######Z.......# #.# ######
##....Z.<......# #.####.....
Z..####........########..##..####
#### #........##...........## #
#.........@.#######.### #
#........#### #.## # ##.#######
#..# # ####..# ##.## #....## #..#
##.############ ######>#### #
#..:..........# #.........# #
#....>........# #.........##
###.............# #...........


There were no monsters in sight!

Vanquished Creatures
  Gastronok (D:8)
  A centaur warrior (D:13)
  A hydra (D:11)
  3 hill giants
  Pikel (D:8)
  The ghost of timbw the Cleaver, an experienced HuBe of Trog (D:12)
  An orc sorcerer (Orc:3)
  3 cyclopes
  2 centaur skeletons (D:13)
  Psyche (D:7)
  A redback zombie (D:13)
  A troll (D:11)
  Grinder (D:5)
  Prince Ribbit (D:5)
  A wraith (D:10)
  A deep elf mage (D:9)
  Eustachio (D:8)
  2 wandering mushrooms (D:9)
  3 hungry ghosts
  14 yaks
  A hippogriff (D:12)
  2 orc warriors
  5 vampire mosquitoes
  An eye of draining (D:10)
  A black bear (D:10)
  A necrophage (D:7)
  3 sky beasts
  A dwarf (shapeshifter) (D:13)
  2 phantoms
  An ice beast (D:4)
  13 centaurs
  3 ogres
  5 big kobolds
  5 giant frogs
  A wyvern skeleton (D:13)
  6 scorpions
  15 killer bees
  A jelly (D:11)
  5 wights
  8 crimson imps
  2 electric eels (D:9)
  2 goliath beetles
  2 centaur zombies
  A giant frog zombie (D:7)
  4 orc priests
  8 hounds
  Natasha (thrice) (D:5)
  10 worker ants
  13 orc wizards
  3 sheep (D:12)
  Jessica (D:3)
  4 big kobold zombies (Ossuary)
  2 hound skeletons
  2 mummies
  10 adders
  A river rat (D:8)
  2 shadow imps (D:11)
  2 worms
  An adder skeleton (D:7)
  2 adder zombies
  2 giant geckos
  An ooze (D:3)
  43 orcs
  A spectral bat (Ossuary)
  3 ball pythons
  12 bats
  A bat skeleton (D:4)
  2 bat zombies (D:6)
  5 giant cockroaches
  11 goblins
  15 hobgoblins
  4 jackals (D:5)
  32 kobolds
  9 quokkas
  2 giant cockroach zombies
  10 giant newts
  7 gnoll zombies (Ossuary)
  A goblin simulacrum (Ossuary)
  5 goblin zombies (Ossuary)
  5 hobgoblin zombies (Ossuary)
  A jackal skeleton (D:8)
  2 kobold simulacra (Ossuary)
  6 orc zombies (Ossuary)
  17 rats
  A rat simulacrum (Ossuary)
  3 spectral goblins (Ossuary)
  4 spectral kobolds (Ossuary)
  4 spectral rats (Ossuary)
  9 ballistomycetes
  2 plants (D:11)
416 creatures vanquished.

Vanquished Creatures (collateral kills)
  Erolcha (D:13)
  A centaur zombie (D:11)
  A gargoyle (D:13)
  An orange crystal statue (D:11)
  A centaur skeleton (D:10)
  A wandering mushroom (D:9)
  A two-headed ogre (D:10)
  A shadow (D:10)
  6 yaks (D:11)
  3 vampire mosquitoes
  A wyvern (D:11)
  A hippogriff (D:10)
  3 sky beasts
  3 phantoms
  An ice beast (D:11)
  A centaur (D:9)
  An ogre (D:12)
  A big kobold (D:11)
  2 giant frogs (D:6)
  A scorpion (D:9)
  5 killer bees
  An electric eel (D:9)
  5 wights
  3 orc wizards
  2 orc priests
  2 worker ants
  2 killer bee zombies
  4 adders
  2 shadow imps
  2 worms (D:2)
  An adder skeleton (D:4)
  14 orcs
  2 bats
  A bat zombie (D:5)
  A giant cockroach (D:2)
  A goblin (D:4)
  A hobgoblin (D:4)
  4 kobolds
  2 quokkas
  A giant spore (D:9)
  3 rats
  4 ballistomycetes
  A plant (D:11)
96 creatures vanquished.

Vanquished Creatures (others)
  2 vampire mosquito zombies (D:12)
  2 big kobolds (D:8)
  A cyclops zombie (D:13)
  A yak skeleton (D:10)
  3 centaur zombies
  A giant frog skeleton (D:6)
  2 giant frog zombies (D:12)
  5 centaur skeletons
  6 killer bee zombies
  An ogre zombie (D:12)
  3 big kobold zombies
  2 hound zombies
  3 hound skeletons
  A worker ant zombie (D:11)
  3 scorpion zombies
  An adder zombie (D:11)
  A sheep zombie (D:12)
  3 adder skeletons
  A sheep skeleton (D:12)
  2 felid skeletons (D:5)
  3 bat skeletons
  A gnoll zombie (Ossuary)
  2 bats
  A bat simulacrum (Ossuary)
  2 giant spores
  2 goblin simulacra (Ossuary)
  3 goblin skeletons
  4 hobgoblin skeletons
  A hobgoblin zombie (Ossuary)
  2 jackal skeletons (D:5)
  A kobold (D:8)
  A kobold simulacrum (Ossuary)
  6 kobold skeletons
  11 kobold zombies
  7 orc skeletons
  18 orc zombies
  A quokka zombie (D:9)
  A rat simulacrum (Ossuary)
  2 rat skeletons
  A rat zombie (D:8)
114 creatures vanquished.

Grand Total: 626 creatures vanquished

Notes
Turn   | Place    | Note
--------------------------------------------------------------
     0 | D:1      | ketsa, the Demonspawn Necromancer, began the quest for the Orb.
     0 | D:1      | Reached XP level 1. HP: 13/13 MP: 3/3
   573 | D:1      | Gained mutation: Your flesh is cold resistant. [demonic ancestry]
   573 | D:1      | Reached XP level 2. HP: 16/19 MP: 4/4
   576 | D:1      | Learned a level 1 spell: Animate Skeleton
  1005 | D:2      | Found an ancient bone altar of Kikubaaqudgha.
  1238 | D:2      | Reached XP level 3. HP: 15/24 MP: 3/6
  1936 | D:2      | Found a deep blue altar of Sif Muna.
  2036 | D:2      | Learned a level 3 spell: Vampiric Draining
  2110 | D:2      | Reached skill level 1 in Short Blades
  2563 | D:2      | Reached XP level 4. HP: 26/30 MP: 8/8
  2738 | D:3      | Reached skill level 5 in Necromancy
  3132 | D:3      | Found a white marble altar of Elyvilon.
  3304 | D:3      | Found a stormy altar of Qazlal.
  3355 | D:3      | Learned a level 3 spell: Regeneration
  3499 | D:3      | Noticed Jessica
  3512 | D:3      | Killed Jessica
  3512 | D:3      | Gained mutation: You are partially covered in rough black scales (AC +4, Dex -1). [demonic ancestry]
  3512 | D:3      | Reached XP level 5. HP: 31/35 MP: 5/10
  3558 | D:3      | Found an opulent altar of Gozag.
  3734 | D:4      | Found a sand-covered staircase.
  3756 | Ossuary  | Entered an ossuary
  4958 | Ossuary  | Reached skill level 1 in Charms
  5416 | D:4      | Gained mutation: You are mostly covered in rough black scales (AC +7, Dex -2). [demonic ancestry]
  5416 | D:4      | Reached XP level 6. HP: 41/41 MP: 12/12
  6641 | D:4      | Found a bloodstained altar of Trog.
  6641 | D:4      | Noticed a phantom
  6674 | D:4      | Killed a phantom
  6674 | D:4      | Reached XP level 7. HP: 31/46 MP: 15/15
  6885 | D:5      | Entered Level 5 of the Dungeon
  6933 | D:5      | Noticed Grinder
  6974 | D:5      | Noticed Prince Ribbit
  7060 | D:5      | Found a snail-covered altar of Cheibriados.
  7379 | D:5      | Found a burning altar of Makhleb.
  7379 | D:5      | Noticed a balrug
  7380 | D:5      | Found a glowing silver altar of Zin.
  7380 | D:5      | Noticed an angel
  7879 | D:5      | Reached skill level 6 in Necromancy
  8065 | D:5      | Gained mutation: You are partially covered in sharp spines. [demonic ancestry]
  8065 | D:5      | Reached XP level 8. HP: 48/52 MP: 13/18
  8072 | D:5      | Noticed Natasha
  8078 | D:5      | Killed Natasha
  8279 | D:5      | Learned a level 4 spell: Control Undead
  8567 | D:5      | Noticed Natasha
  8576 | D:5      | Your ally Natasha died
  8662 | D:5      | Killed Natasha
  8734 | D:5      | Noticed Natasha
  8736 | D:5      | Killed Natasha
  8778 | D:5      | Your ally Natasha died
  8846 | D:6      | Found Moiph's Armour Shop.
  9010 | D:6      | Found a sparkling altar of Nemelex Xobeh.
  9241 | D:6      | Reached skill level 5 in Short Blades
  9332 | D:6      | Reached skill level 5 in Spellcasting
  9629 | D:6      | Reached skill level 5 in Dodging
  9629 | D:6      | Reached skill level 7 in Necromancy
 10212 | D:7      | Found a staircase to the Ecumenical Temple.
 10231 | Temple   | Entered the Ecumenical Temple
 10333 | Temple   | Became a worshipper of Ashenzari the Shackled
 10453 | D:7      | Found a sacrificial altar of Ru.
 11055 | D:7      | Reached XP level 9. HP: 49/57 MP: 21/21
 11918 | D:8      | Noticed Pikel
 12151 | D:8      | Noticed Gastronok
 12394 | D:8      | Noticed Psyche
 12421 | D:7      | Killed Psyche
 12465 | D:8      | Reached skill level 8 in Necromancy
 12570 | D:8      | Learned a level 4 spell: Animate Dead
 13085 | D:8      | Killed Pikel
 13211 | D:8      | Noticed Eustachio
 13262 | D:8      | Killed Eustachio
 13669 | D:9      | Found a glowing golden altar of the Shining One.
 13827 | D:9      | Reached skill level 1 in Evocations
 13939 | D:9      | Reached XP level 10. HP: 63/63 MP: 24/24
 13968 | D:9      | Found a shimmering altar of Xom.
 13972 | D:9      | Found a shadowy altar of Dithmenos.
 14539 | D:9      | Reached skill level 9 in Necromancy
 14573 | D:9      | Found a blossoming altar of Fedhas.
 15113 | D:10     | Entered Level 10 of the Dungeon
 15694 | D:10     | Noticed a hill giant
 15855 | D:10     | Killed a hill giant
 16538 | D:11     | Noticed a green ugly thing
 16580 | D:11     | Noticed a six-headed hydra
 17100 | D:11     | Reached XP level 11. HP: 61/68 MP: 16/27
 17237 | D:12     | Noticed timbw's ghost (experienced HuBe)
 17347 | D:11     | Found a staircase to the Lair.
 17679 | D:5      | Killed Prince Ribbit
 17679 | D:5      | Reached skill level 1 in Fighting
 17826 | D:5      | Paralysed by Grinder for 4 turns
 17853 | D:5      | Killed Grinder
 18054 | D:8      | Killed Gastronok
 18054 | D:8      | Reached skill level 10 in Necromancy
 18054 | D:8      | Reached skill level 5 in Evocations
 19131 | D:11     | Noticed a hill giant
 19149 | D:11     | Killed a hill giant
 19432 | Lair:1   | Entered Level 1 of the Lair of Beasts
 19432 | Lair:1   | Noticed an eight-headed hydra
 19874 | D:11     | Killed a six-headed hydra
 20224 | D:11     | Reached skill level 5 in Fighting
 20918 | D:12     | Found a staircase to the Orcish Mines.
 20949 | D:12     | Noticed a hill giant
 20961 | D:12     | Killed a hill giant
 20961 | D:12     | Gained mutation: You have a pair of small horns on your head. [demonic ancestry]
 20961 | D:12     | Reached XP level 12. HP: 83/86 MP: 27/27
 20999 | D:12     | Noticed a seven-headed hydra
 21104 | D:13     | Noticed Absynth's ghost (powerful DrCj)
 21415 | Orc:1    | Entered Level 1 of the Orcish Mines
 22131 | Orc:3    | Paralysed by an orc sorcerer for 4 turns
 22149 | Orc:4    | Entered Level 4 of the Orcish Mines
 22455 | Orc:3    | Noticed an ettin
 22599 | D:12     | Killed timbw's ghost
 23095 | D:13     | Identified the +6 trident of Unreason {elec, rN+ Str+5 Int-4} (You took it off an orc on level 7 of the Dungeon)
 23207 | D:13     | Noticed a centaur warrior
 23228 | D:13     | Killed a centaur warrior
 23477 | D:13     | Noticed Erolcha
 23851 | D:13     | Killed Erolcha
 24163 | D:12     | Killed by an exploding giant spore

Action                   |  1- 3 |  4- 6 |  7- 9 | 10-12 || total
-------------------------+-------+-------+-------+-------++-------
Melee: Dagger            |    14 |       |   492 |  1356 ||  1862
       Short sword       |    97 |   460 |    48 |       ||   605
       Unarmed           |       |     1 |       |       ||     1
Throw: Javelin           |       |       |     1 |    25 ||    26
       Tomahawk          |       |       |       |     3 ||     3
 Cast: Pain              |    26 |    40 |   121 |   134 ||   321
       Animate Skeleton  |     7 |    12 |    29 |    15 ||    63
       Regeneration      |       |     2 |    16 |    29 ||    47
       Vampiric Draining |       |       |     9 |    90 ||    99
       Control Undead    |       |       |     5 |     3 ||     8
       Animate Dead      |       |       |     9 |    36 ||    45
Evoke: Wand              |       |       |     1 |     6 ||     7
  Use: Scroll            |     2 |       |    19 |     8 ||    29
       Potion            |     4 |       |     1 |     4 ||     9
 Stab: Sleeping          |       |     8 |     3 |     2 ||    13
       Distracted        |       |     2 |     5 |    17 ||    24
  Eat: Chunk             |     6 |     7 |    19 |    21 ||    53
       Pizza             |       |     1 |     1 |     1 ||     3
       Meat ration       |       |     1 |       |     2 ||     3
       Fruit             |       |       |     6 |     4 ||    10
       Beef jerky        |       |       |     2 |     2 ||     4
       Royal jelly       |       |       |       |     3 ||     3
